 Dungeon Crawl Stone Soup version 0.31-a0-233-g139696dc86 (webtiles) character file.

Game seed: 204429961360894146

175 qw the Shooter (level 5, -3/32 HPs)
             Began as a Gargoyle Hexslinger on July 7, 2023.
             Was an Initiate of Okawaru.
             Slain by a gnoll
             ... wielding a +0 spear
              (4 damage)
             ... on level 4 of the Dungeon.
             The game lasted 00:00:53 (2262 turns).

qw the Shooter (Gargoyle Hexslinger)                Turns: 2262, Time: 00:00:53

Health: -3/32      AC:  7    Str: 11    XL:     5   Next: 55%
Magic:  6/6        EV: 11    Int: 14    God:    Okawaru [......]
Gold:   199        SH:  0    Dex: 14    Spells: 5/6 levels left

rFire   . . .        i - +2 sling (heavy)
rCold   . . .        (no shield)
rNeg    + . .        h - +0 leather armour
rPois   inf          (no helmet)
rElec   +            (no cloak)
rCorr   .            (no gloves)
SInv    .            (no boots)
Will    .....        (no amulet)
Stlth   +            (no ring)
HPRegen 0.25/turn    (no ring)
MPRegen 0.10/turn

%: no passive effects
@: about to teleport
A: sickness immunity, AC +4, negative energy resistance 1, electricity
resistance, torment resistance 1, petrification resistance
a: Renounce Religion


You were on level 4 of the Dungeon.
You worshipped Okawaru.
Okawaru was noncommittal.
You visited 1 branch of the dungeon, and saw 4 of its levels.

You collected 199 gold pieces.


Innate Abilities, Weirdness & Mutations

You are immune to sickness and miasma.
Your stone body is resilient. (AC +4)
You are immune to poison.
You resist negative energy. (rN+)
You are resistant to electric shocks. (rElec)
You are resistant to unholy torment.
You are immune to petrification.


   Skills:
 + Level 2.8 Fighting
 - Level 5.0 Ranged Weapons
 - Level 1.5 Dodging
 - Level 1.0 Spellcasting
 - Level 2.6 Hexes


You had 5 spell levels left.
You knew the following spells:

 Your Spells              Type           Power      Damage    Failure   Level
a - Slow                  Hex            32%        N/A       12%         1

Your spell library contained the following spells:

 Spells                   Type           Power      Damage    Failure   Level
 Inner Flame              Hex/Fire       4%         N/A       52%         3
 Portal Projectile        Hex/Tloc       8%         N/A       52%         3
 Cause Fear               Hex            4%         N/A       75%         4

Inventory:

Hand Weapons
 i - a +2 heavy sling (weapon)
Armour
 h - a +0 leather armour (worn)
Scrolls
 a - a scroll of identify
 e - a scroll of teleportation
Potions
 c - 3 potions of enlightenment
 f - 3 potions of heal wounds
 g - a potion of ambrosia {unknown}

Dungeon Overview and Level Annotations

Branches:
Dungeon (4/15)
 Temple: D:4-7

Altars:
Gozag
Okawaru


Message History

You shoot a sling bullet. The gnoll shouts!
The sling bullet hits the hound!
The hound is almost dead.
The hound bites you but does no damage. x2; The gnoll misses you.
The endoplasm hits you but does no damage.
The hound bites you but does no damage. The endoplasm barely misses you.
You shoot a sling bullet.
The sling bullet barely misses the hound.
The sling bullet hits the orc but does no damage.
You hear an angry hiss.
The hound bites you.
A ball python comes into view.
The hound bites you but does no damage.
The endoplasm hits you but does no damage.
You shoot a sling bullet. The sling bullet hits the hound!
You kill the hound!
Okawaru accepts your kill. The gnoll hits you but does no damage.
The gnoll closely misses you. x2
The endoplasm completely misses you. The gnoll hits you but does no damage.
The endoplasm freezes you.
You are frozen.
The orc hits you with a +3 heavy hand axe.
The gnoll hits you from afar with a +0 spear.
You shoot a sling bullet.
The sling bullet barely misses the gnoll.
The gnoll barely misses you. The gnoll hits you but does no damage.
The gnoll barely misses you.
The endoplasm jiggles.
The endoplasm barely misses you.
The orc hits you with a +3 heavy hand axe.
The gnoll hits you from afar with a +0 spear!
The endoplasm barely misses you. The gnoll barely misses you.
The gnoll closely misses you.
2262 ||| READING 2 scrolls of teleportation.
As you read the scroll of teleportation, it crumbles to dust.
You feel strangely unstable.
The orc hits you with a +3 heavy hand axe.
The gnoll hits you from afar with a +0 spear.
You die...

##.... ...... .
...#. .. #...##
...##.... ####
.......S# #....
.....gJo## .....#
#..g.@.###......
#....g...#......
.......#..##......
.......##...#<....
........##..#.....
...................
...........#.......
#................##.
.................


You could see 3 gnolls, an orc, an endoplasm and a ball python.

Vanquished Creatures
  A scorpion (D:3)
  A hound (D:4)
  An adder (D:3)
  A worm (D:2)
  5 bats
  10 endoplasms
  3 giant cockroaches
  3 goblins
  5 hobgoblins
  5 jackals
  6 quokkas
  6 ball pythons
  3 frilled lizards
  7 kobolds
  4 rats
61 creatures vanquished.

Notes
Turn   | Place    | Note
-------+----------+-------------------------------------------
     0 | D:1      | qw the Gargoyle Hexslinger began the quest for the Orb.
     0 | D:1      | Reached XP level 1. HP: 12/12 MP: 2/2
     0 | D:1      | 0 ||| qw: Version: 0.3-a-46-gb1f654a
     0 | D:1      | 0 ||| qw: Game counter: 3324
     0 | D:1      | 0 ||| qw: Melee chars always use a shield: true
     0 | D:1      | 0 ||| qw: God list: Okawaru
     0 | D:1      | 0 ||| qw: Allow faded altars: false
     0 | D:1      | 0 ||| qw: Do Orc after clearing Dungeon:15 true
     0 | D:1      | 0 ||| qw: Do second Lair branch before Depths: true
     0 | D:1      | 0 ||| qw: Lair rune preference: random
     0 | D:1      | 0 ||| qw: Goals: Normal
     0 | D:1      | 0 ||| PLANNING D:1-11
   112 | D:1      | Reached XP level 2. HP: 16/16 MP: 3/3
   194 | D:1      | Reached skill level 3 in Ranged Weapons
   578 | D:1      | 578 ||| UPGRADING to +0 leather armour.
   588 | D:1      | 588 ||| DROPPING +0 robe.
   589 | D:1      | 589 ||| READING 2 scrolls labelled CUADWE OFFOJ.
   590 | D:1      | 590 ||| READING 2 scrolls labelled CAVAUGG RUXZE.
   591 | D:1      | 591 ||| READING scroll labelled NIDAIJ YROE.
   592 | D:1      | 592 ||| DROPPING scroll of poison.
   593 | D:1      | 593 ||| DROPPING scroll of noise.
   682 | D:2      | Reached XP level 3. HP: 21/21 MP: 4/4
  1155 | D:2      | Found a faded altar of an unknown god.
  1382 | D:2      | 1382 ||| READING scroll labelled CYUW SENTA.
  1383 | D:2      | 1383 ||| READING scroll labelled CISHOPT XEFIN.
  1384 | D:2      | 1384 ||| READING scroll labelled EHOCVIENIH.
  1385 | D:2      | 1385 ||| DRINKING 3 blue potions.
  1386 | D:2      | 1386 ||| DRINKING 3 viscous purple potions.
  1503 | D:3      | 1503 ||| DROPPING +0 sling of freezing.
  1533 | D:3      | Noticed a scorpion
  1535 | D:3      | Reached XP level 4. HP: 26/26 MP: 5/5
  1544 | D:3      | Killed a scorpion
  1545 | D:3      | Reached skill level 4 in Ranged Weapons
  1545 | D:3      | Reached XP level 5. HP: 15/30 MP: 6/6
  1683 | D:3      | Found an iron altar of Okawaru.
  1684 | D:3      | 1684 ||| PLANNING OKAWARU WORSHIP
  1685 | D:3      | 1685 ||| READING 3 scrolls labelled BEULOI TAMIKH.
  1689 | D:3      | 1689 ||| READING scroll labelled ZUWNEWKIUSO.
  1690 | D:3      | 1690 ||| PLANNING D:1-11
  1690 | D:3      | 1690 ||| Stepping randomly (stuck).
  1700 | D:3      | Found an opulent altar of Gozag.
  1902 | D:3      | 1902 ||| PLANNING OKAWARU WORSHIP
  1902 | D:3      | 1902 ||| READING scroll labelled WOS WOLLOT.
  1912 | D:3      | Became a worshipper of Warmaster Okawaru
  1913 | D:3      | 1913 ||| PLANNING D:1-11
  2165 | D:3      | Reached skill level 5 in Ranged Weapons
  2178 | D:3      | 2178 ||| READING 2 scrolls of identify.
  2178 | D:3      | 2178 ||| IDENTIFYING murky coppery potion
  2179 | D:3      | 2179 ||| DROPPING potion of lignification.
  2261 | D:4      | HP: 4/32 [gnoll/+0 spear (8)]
  2262 | D:4      | 2262 ||| READING 2 scrolls of teleportation.
  2262 | D:4      | HP: 1/32 [orc/+3 heavy hand axe (3)]
  2262 | D:4      | Slain by a gnoll

Levels and vault maps discovered:
D:1:      minmay_arrival_four_houses, layout_basic
D:2:      layout_basic, basic_ecumenical_altar, minmay_tetromino_l2
D:3:      layout_basic, okawaru_ov_weapons_minmay, grunt_gozag_breadcrumbs
D:4:      layout_cave_pools, led_xom_imps, nicolae_ashenzari_panopticon

Skill      XL: |  1  2  3  4  5 |
---------------+----------------+-----
Ranged Weapons | 3 4 5 |  5.0
Fighting       | 2 |  2.8
Dodging        | |  1.5
Spellcasting   | |  1.0
Hexes          | |  2.6

Action                     |  1- 3 |  4- 6 || total
---------------------------+-------+-------++-------
   Fire: Sling             |   131 |    43 ||   174
    Use: Scroll            |     6 |     5 ||    11
         Potion            |     2 |       ||     2
 Armour: Robe              |     6 |       ||     6
         Leather armour    |    11 |    23 ||    34
  Dodge: Dodged            |    28 |    29 ||    57

Table legend:
 A = Non-vault XP
 B = Vault XP
 C = Vault XP percentage of total XP
 D = Non-vault monster count
 E = Vault monster count
 F = Vault count percentage of total count
                 A         B        C        D         E       F
            +---------+---------+-------+---------+---------+-------
      Total |     248 |       2 |   0.8 |      60 |       1 |   1.6
            +---------+---------+-------+---------+---------+-------
        D:1 |      33 |       0 |   0.0 |      21 |       0 |   0.0
        D:2 |      43 |       2 |   4.4 |      22 |       1 |   4.3
        D:3 |     120 |       0 |   0.0 |      13 |       0 |   0.0
        D:4 |      52 |       0 |   0.0 |       4 |       0 |   0.0
            +---------+---------+-------+---------+---------+-------
